Description

Looks like a cool ladderbuild with a early scout with hallu, anything after the 3:55 ish scout is probably subject to change as you can react to the opponent easily.

VOD

https://youtu.be/CqNyVyH3tSA?t=179

Build Order

Get SALT Encoding   

  14  0:17  Pylon  
  15  0:37  Assimilator  
  16  0:46  Gateway  
  20  1:24  Nexus  
  20  1:35  Cybernetics Core  
  21  1:42  Assimilator  
  22  1:54  Pylon  at natural
  22  2:12  Warp Gate, Adept (Chrono Boost)  
  29  2:32  Twilight Council, Sentry (Chrono Boost)  
  35  2:55  Stalker  
  37  3:11  Blink  
  40  3:24  Gateway x2  Wall vs hellion, Wall vs hellion
  40  3:28  Action  Sentry 75 energy make hallu
  42  3:42  Pylon, Robotics Facility  
  46  3:56  Assimilator x2  
  47  4:07  Stalker  
  49  4:10  Pylon x2  
  52  4:20  Stalker x2  
  59  4:28  Observer  
  61  4:40  Forge  
  61  4:49  Nexus  
  62  4:54  Observer  
  62  4:55  Charge  
  62  5:00  Templar Archives  
  64  5:12  Protoss Ground Armor Level 1  
  64  5:20  Warp Prism  
  64  5:25  Gateway  
  64  5:30  Gateway  
  64  5:35  Gateway  
  64  5:40  Gateway  
  64  5:45  Gateway  
  61  5:51  Psionic Storm  
  63  5:57  High Templar  
  67  6:10  High Templar x2  
Spawning Tool Build Advisor. Get it on Overwolf

Go to:

Details

  • Created by: Hindrance
  • Published on: Mar 23, 2019
  • Modified on: Mar 23, 2019
  • Patch: 4.7.1
Show
View Real Time Build Order
Export as new Build Order

Comments (0)

There are no comments. Be the first!

Create an account to comment!